 Dungeon Sprint DCSS version 0.17-a0-1939-ga475588 (webtiles) character file.

89 ololoev the Twirler (level 4, -3/42 HPs)
             Began as a Hill Orc Gladiator on Sept 29, 2015.
             Slain by a human (7 damage)
             ... in the Dungeon (Sprint III: "The Ten Rune Challenge").
             The game lasted 00:00:52 (503 turns).

ololoev the Twirler (Hill Orc Gladiator)             Turns: 503, Time: 00:00:52

Health: -3/42      AC:  4    Str: 18    XL:     4   Next: 55%
Magic:  4/4        EV: 12    Int:  8    God:
Gold:   9          SH:  0    Dex: 11    Spells: 0 memorised, 3 levels left

rFire  . . .     SeeInvis .     a - +0 quarterstaff
rCold  . . .     Clarity  .     b - +0 leather armour
rNeg   . . .     SustAt   .     (no shield)
rPois  .         Gourm    .     c - +0 helmet
rElec  .         Spirit   .     (no cloak)
rCorr  .         Warding  .     (no gloves)
rMut   .         NoTele   +     (no boots)
MR     .....                    (no amulet)
Stlth  +.........               (no ring)
                                (no ring)

@: not resistant to hostile enchantments, very unstealthy
A: no striking features
a: no special abilities

Inventory:

Hand weapons
 a - a +0 quarterstaff (weapon)
Missiles
 d - 3 throwing nets (quivered)
Armour
 b - a +0 leather armour (worn)
 c - a +0 helmet (worn)
Scrolls
 k - a scroll of blinking
Potions
 h - a potion of haste
 i - 2 potions of magic
Comestibles
 e - a bread ration


   Skills:
 + Level 5.6 Fighting
 * Level 6.1 Staves
 - Level 2.0 Throwing
 + Level 4.4 Armour
 - Level 2.4 Dodging


You had 3 spell levels left.
You didn't know any spells.
You were in the Dungeon. You were not hungry. You visited 1 branch You collected 9 gold pieces. ▓▓▓▓ ▓▓▓▓▓▓▓ ▓<.# +.....♣♣ ▓..# #......♣ ▓#'####....♣♣ ▓.....#.@..≈♣ ▓.....#..p≈≈♣♣ ▓.....#..≈≈≈≈♣♣ ▓####'#..≈≈≈≈≈≈♣ ▓..)..#.≈≈≈≈≈≈.. ▓.....#.≈≈≈≈≈... ▓.....#.≈≈≈..... ▓'#####......... ▓..............

Notes
Turn   | Place    | Note
--------------------------------------------------------------
     0 | D        | ololoev the Hill Orc Gladiator began the quest for the Orb.
     0 | D        | Reached XP level 1. HP: 18/18 MP: 1/1
     6 | D        | Reached skill level 3 in Fighting
     6 | D        | Reached skill level 1 in Armour
    11 | D        | Reached XP level 2. HP: 17/26 MP: 2/2
   115 | D        | Killed a yaktaur
   168 | D        | Noticed Jessica
   179 | D        | Killed Jessica
   179 | D        | Reached skill level 4 in Fighting
   179 | D        | Reached XP level 3. HP: 2/34 MP: 3/3
   202 | D        | Killed a white draconian scorcher
   291 | D        | Killed a white draconian scorcher
   473 | D        | Noticed a scorpion
   487 | D        | Killed a scorpion
   487 | D        | Reached skill level 5 in Fighting
   487 | D        | Reached skill level 6 in Staves
   487 | D        | Reached XP level 4. HP: 21/42 MP: 4/4
   491 | D        | HP: 1/42 [human (9)]
   503 | D        | Slain by a human

Dungeon Overview and Level Annotations

Branches:
Dungeon (1/1)

Altars:


Message History

You feel better. The human barely misses you.
Drink which item? (? for menu, Esc to quit)
You feel much better. The human barely misses you.
You hit the human but do no damage.
The human is heavily wounded.
The human closely misses you.
You closely miss the human.
The human is heavily wounded.
The human hits you!
You hit the human.
The human is heavily wounded.
The human hits you but does no damage.
You closely miss the human.
The human is heavily wounded.
The human hits you.
You closely miss the human.
The human is heavily wounded.
The human hits you.
You are too injured to fight recklessly!
You are too injured to fight recklessly!
You are too injured to fight recklessly!
You are too injured to fight recklessly!
You are too injured to fight recklessly!
You are too injured to fight recklessly!
You closely miss the human.
The human is heavily wounded.
The human barely misses you.
You hit the human.
The human is severely wounded.
The human hits you.
You completely miss the human.
The human is severely wounded.
The human closely misses you.
You hit the human but do no damage.
The human is severely wounded.
The human hits you!
You barely miss the human.
The human is severely wounded.
The human hits you!
You die...

You could see a human.

Vanquished Creatures
  A scorpion (D)
  Jessica (D)
  2 oozes (D)
  A rat (D)
5 creatures vanquished.

Vanquished Creatures (others)
  2 draconian scorchers (D)
  A yaktaur (D)
  4 plants (D)
7 creatures vanquished.

Grand Total: 12 creatures vanquished

Action                   |  1- 3 |  4- 6 || total
-------------------------+-------+-------++-------
Melee: Quarterstaff      |    27 |    14 ||    41
  Use: Potion            |     2 |     2 ||     4

Vault maps used:
D:        dungeon_sprint_mu
